 Dungeon Crawl Stone Soup version 0.31-a0-369-g8eba5f6939 (webtiles) character file.

Game seed: 10237742458565556655

773 arthad the Trooper (level 7, -2/46 HPs)
             Began as a Gargoyle Fighter on July 28, 2023.
             Killed by divine providence
             ... invoked by an orc priest
              (17 damage)
             ... on level 6 of the Dungeon.
             The game lasted 00:07:13 (2915 turns).

arthad the Trooper (Gargoyle Fighter)               Turns: 2915, Time: 00:07:14

Health: -2/46      AC: 12    Str: 21    XL:     7   Next: 83%
Magic:  7/7        EV:  9    Int:  9    God:
Gold:   187        SH:  4    Dex:  9    Spells: 6/6 levels left

rFire   . . .        e - +2 demon trident (vamp)
rCold   . . .        c - +0 buckler
rNeg    + . .        b - +0 scale mail
rPois   ∞            (no helmet)
rElec   +            (no cloak)
rCorr   +            (no gloves)
SInv    .            (no boots)
Will    .....        (no amulet) Stlth
                     q - ring of resist corrosion
HPRegen 0.27/turn    (no ring)
MPRegen 0.10/turn

%: no passive effects
@: brilliant, attractive
A: sickness immunity, AC +4, negative energy resistance 1, electricity
resistance, torment resistance 1, petrification resistance
a: no special abilities


You were on level 6 of the Dungeon.
You visited 1 branch of the dungeon, and saw 7 of its levels.

You collected 187 gold pieces.

Inventory:

Hand Weapons
 a - a +0 flail
 e - a +2 vampiric demon trident (weapon)
Missiles
 w - a curare-tipped dart
Armour
 b - a +0 scale mail (worn)
 c - a +0 buckler (worn)
 v - a scarf of harm
Jewellery
 l - a ring of poison resistance
 q - a ring of resist corrosion (left hand)
Scrolls
 k - a scroll of poison
 n - 2 scrolls of blinking {unknown}
 r - a scroll of enchant armour
 s - a scroll of fear
 t - a scroll of amnesia {unknown}
Potions
 d - a potion of might
 f - 2 potions of attraction
 g - 2 potions of brilliance
 h - 4 potions of curing
 i - 2 potions of mutation {unknown}
 j - 2 potions of degeneration {unknown}
 o - 2 potions of heal wounds {unknown}
 p - 2 potions of haste {unknown}
 u - a potion of lignification {unknown}


   Skills:
 * Level 6.2 Fighting
 - Level 2.1 Maces & Flails
 * Level 4.1 Polearms
 + Level 5.0 Armour
 + Level 4.9 Shields


You had 6 spell levels left.
You didn't know any spells.
Your spell library contained the following spells:

 Spells                   Type           Power      Damage    Failure   Level
 Inner Flame              Hex/Fire       0%         N/A       98%         3
 Flame Wave               Conj/Fire      0%         2d4       100%        4
 Petrify                  Tmut/Erth      0%         N/A       100%        4
 Sticky Flame             Conj/Fire      0%         2d3       100%        4
 Irradiate                Conj/Tmut      0%         3d11      100%        5
 Sublimation of Blood     Necr           Unusable   N/A       N/A         2

Dungeon Overview and Level Annotations

Branches:
Dungeon (7/15)             Temple (0/1) D:7

Altars:
Dithmenos
Kikubaaqudgha


Innate Abilities, Weirdness & Mutations

You are immune to sickness and miasma.
Your stone body is resilient. (AC +4)
You are immune to poison.
You resist negative energy. (rN+)
You are resistant to electric shocks. (rElec)
You are resistant to unholy torment.
You are immune to petrification.


Message History

Your Armour skill increases to level 5! 2 orcs and 2 orc priests come into view.
The orc shouts! x2; The orc priest shouts!
You hear an angry hiss.
A water moccasin comes into view.
The orc priest calls down the wrath of Beogh upon you.
Beogh smites you!
Found a quarterstaff.
You reach to attack!
You closely miss the orc.
You reach to attack!
You puncture the orc!
You kill the orc!
You reach to attack!
You hit the orc.
You feel better.
The orc is almost dead.
You completely miss the orc.
The orc is almost dead.
You block the orc's attack.
The orc priest calls down the wrath of Beogh upon you.
Beogh smites you!
The orc priest looks braver for a moment.
The orc barely misses you.
You are too injured to fight recklessly!
You puncture the orc!
You kill the orc!
The orc priest mumbles some strange prayers to Beogh against you.
Beogh smites you!
* * * LOW HITPOINT WARNING * * *
It was a potion of curing.
You feel better. The water moccasin bites you.
* * * LOW HITPOINT WARNING * * *
The water moccasin attacks as you move away!
The water moccasin bites you.
* * * LOW HITPOINT WARNING * * *
You feel better. The water moccasin barely misses you.
It was a potion of brilliance.
You feel clever all of a sudden. The water moccasin bites you.
The water moccasin barely misses you.
It was a potion of attraction.
You feel attractive to monsters. You block the water moccasin's attack.
The orc priest calls down the wrath of Beogh upon you.
Beogh smites you!
You die...

#....
#.... ....
...#####
..#...#
.....#
#....#
#@o..#
##S..#
#o..#
.....)#.##
.....o#.#
.S...)#.#
.o#####.#
. #.# ...


You could see a water moccasin and 2 orc priests.

Vanquished Creatures
  A black bear (D:7)
  An ice beast (D:7)
  An ogre (D:4)
  A phantom (D:4)
  A bullfrog (D:6)
  A kobold brigand (D:7)
  A jelly (D:7)
  An iguana (D:2)
  An orc wizard (D:4)
  7 adders
  2 shadow imps
  A worm (D:2)
  4 dart slugs
  9 orcs
  10 ball pythons
  5 bats
  13 endoplasms
  5 giant cockroaches
  7 hobgoblins
  2 jackals (D:3)
  13 kobolds
  9 quokkas
  6 frilled lizards
  15 goblins
  10 rats
127 creatures vanquished.

Notes
Turn   | Place    | Note
-------+----------+-------------------------------------------
     0 | D:1      | arthad the Gargoyle Fighter began the quest for the Orb.
     0 | D:1      | Reached XP level 1. HP: 14/14 MP: 1/1
    71 | D:1      | Reached XP level 2. HP: 10/19 MP: 2/2
   339 | D:1      | Reached XP level 3. HP: 20/24 MP: 3/3
   352 | D:1      | Reached skill level 1 in Polearms
   926 | D:2      | Reached skill level 4 in Fighting
   957 | D:2      | Reached XP level 4. HP: 21/29 MP: 4/4
  1504 | D:3      | Reached XP level 5. HP: 34/34 MP: 5/5
  1697 | D:3      | Found a shadowy altar of Dithmenos.
  2198 | D:4      | Reached XP level 6. HP: 40/40 MP: 6/6
  2210 | D:4      | Reached skill level 5 in Fighting
  2718 | D:5      | Entered Level 5 of the Dungeon
  2768 | D:5      | You fall into a shaft and drop 2 floors!
  2770 | D:7      | Found an ancient bone altar of Kikubaaqudgha.
  2770 | D:7      | Noticed an ice beast
  2770 | D:7      | Noticed a black bear
  2792 | D:7      | Killed an ice beast
  2793 | D:7      | Reached XP level 7. HP: 45/45 MP: 7/7
  2801 | D:7      | Reached skill level 6 in Fighting
  2883 | D:7      | Found a staircase to the Ecumenical Temple.
  2902 | D:6      | Reached skill level 5 in Armour
  2915 | D:6      | Killed from afar by an orc priest

Illustrated notes

Levels and vault maps discovered:
D:1:      dpeg_arrival_round_c, layout_basic, supply_closet_lemuel,
          minmay_octomino_j4
D:2:      wad_crossroads, layout_basic
D:3:      corexii_shack_village, layout_basic, nicolae_dithmenos_the_darkroom,
          grunt_ministairs_1
D:4:      layout_gridville
D:5:      layout_basic, mainiacjoe_overflow_surrounded_room,
          cheibrodos_sewer_entry_bend, uniq_edmund
D:6:      hangedman_cross_stitches, layout_basic, kennysheep_generic_room_8,
          uniq_maggie
D:7:      minmay_the_grid_plus_closed [minmay_the_grid_tiny_cups,
          minmay_the_grid_rooms, minmay_the_grid_broken_lines,
          minmay_the_grid_dragon_b, minmay_the_grid_prize_big_room],
          layout_layer_cave, mainiacjoe_overflow_cross_hatched,
          nemelex_spade_bored_becter, minmay_temple_entry_grid,
          minmay_microvault

Skill      XL: |  1  2  3  4  5  6  7 |
---------------+----------------------+-----
Polearms       | 1 2 3 4 |  4.1
Fighting       | 4 5 6 |  6.2
Armour         | 4 5 |  5.0
Shields        | 4 |  4.9
Maces & Flails | |  2.1

Action                     |  1- 3 |  4- 6 |  7- 9 || total
---------------------------+-------+-------+-------++-------
  Melee: Flail             |    13 |       |       ||    13
         Demon trident     |    87 |   199 |    37 ||   323
    Use: Scroll            |       |     6 |     1 ||     7
         Potion            |       |       |     4 ||     4
 Armour: Scale mail        |    38 |    94 |    23 ||   155
  Dodge: Dodged            |    31 |    91 |    16 ||   138
  Block: Buckler           |    14 |    44 |     3 ||    61

Table legend: (Time is in decaauts)
 A = Elapsed time spent in this place.
 B = Non-inter-level travel time spent in this place.
 C = Inter-level travel time spent in this place.
 D = Time resting spent in this place.
 E = Time spent auto-exploring this place.
 F = Levels seen in this place.
 G = Mean time per level.
                   A        B        C        D        E       F      G
               +--------+--------+--------+--------+--------+-----+--------+
         Total |   2991 |   2872 |    119 |      0 |   2077 |   7 |  427.3 |
       Dungeon |   2991 |   2872 |    119 |      0 |   2077 |   7 |  427.3 |
               +--------+--------+--------+--------+--------+-----+--------+

Top non-repeatable levels by time:
     D:2: 838 daAuts
     D:1: 696 daAuts
     D:3: 641 daAuts
     D:4: 610 daAuts
     D:7: 134 daAuts
     D:5: 50 daAuts
     D:6: 19 daAuts
